SAA
ATHLETIC CLUB KC ACADEMY @ SALEM MISFITS
09/01/2032
 
TOP OF THE 1ST
Athletic Club KC Academy batting - Pitching for Salem Misfits : RHP Enrique Valle
Pitching: RHP Enrique Valle
Batting: LHB Chi-hun Chong 0-0: Ball
1-0: Ball
2-0: SINGLE (Groundball, 56S) (infield hit)
Batting: RHB Troy Whitehurst 0-0: Ball
1-0: Ball
2-0: Foul Ball, location: 2F
2-1: Grounds into double play, 6-4-3 (Groundball, 56D)
Batting: RHB Colin Bottone 0-0: Called Strike
0-1: Ground out 4-3 (Groundball, 4)
Top of the 1st over - 0 runs, 1 hit, 0 errors, 0 left on base; Athletic Club KC Academy 0 - Salem 0
BOTTOM OF THE 1ST
Salem Misfits batting - Pitching for Athletic Club KC Academy : LHP Ben Skelton
Pitching: LHP Ben Skelton
Batting: RHB Lu Tsai 0-0: SINGLE (Line Drive, 7S)
Batting: RHB Charles Basle 0-0: Ball
1-0: Foul Ball, location: 2F
1-1: Swinging Strike
1-2: Strikes out swinging
Batting: RHB Austin Case 0-0: Ball
1-0: Ball
Lu Tsai steals 2nd base
2-0: Called Strike
2-1: Foul Ball, location: 2F
2-2: Foul Ball, location: 2F
2-2: Foul Ball, location: 2F
2-2: Fly out, F7 (Flyball, 7LMF)
Batting: RHB Akke Derksen 0-0: Ball
1-0: Foul Ball, location: 2F
1-1: Ground out 6-3 (Groundball, 6)
Bottom of the 1st over - 0 runs, 1 hit, 0 errors, 1 left on base; Athletic Club KC Academy 0 - Salem 0
TOP OF THE 2ND
Athletic Club KC Academy batting - Pitching for Salem Misfits : RHP Enrique Valle
Batting: RHB Abeni Mbanefo 0-0: Fly out, F9 (Flyball, 9D)
Batting: SHB Ijsbrand van Hoogewegen 0-0: Ball
1-0: Called Strike
1-1: Ground out 1-3 (Groundball, 15S)
Batting: RHB Dewey Nauss 0-0: Fly out, F6 (Line Drive, 6)
Top of the 2nd over - 0 runs, 0 hits, 0 errors, 0 left on base; Athletic Club KC Academy 0 - Salem 0
BOTTOM OF THE 2ND
Salem Misfits batting - Pitching for Athletic Club KC Academy : LHP Ben Skelton
Batting: RHB Mariano Saelices 0-0: Ball
1-0: Ball
2-0: Ground out 6-3 (Groundball, 6)
Batting: RHB Javier López 0-0: Called Strike
0-1: Ball
1-1: Ball
2-1: Ball
3-1: Base on Balls
Batting: RHB Atanza Vongor 0-0: Swinging Strike
0-1: Called Strike
0-2: Foul Ball, location: 2F
0-2: Ball
1-2: Foul Ball, location: 2F
1-2: Ball
2-2: Foul Ball, location: 2F
2-2: Foul Ball, location: 2F
2-2: 2-RUN HOME RUN (Flyball, 7LD), Distance : 365 ft
Batting: RHB Nelson Rivera 0-0: Ball
1-0: Foul Ball, location: 2F
1-1: Ball
2-1: Ground out 6-3 (Groundball, 56)
Batting: RHB Harrison Dunning 0-0: Called Strike
0-1: Called Strike
0-2: Ball
1-2: Ball
2-2: Foul Ball, location: 2F
2-2: Ball
3-2: Ground out 5-3 (Groundball, 56)
Bottom of the 2nd over - 2 runs, 1 hit, 0 errors, 0 left on base; Athletic Club KC Academy 0 - Salem 2
TOP OF THE 3RD
Athletic Club KC Academy batting - Pitching for Salem Misfits : RHP Enrique Valle
Batting: LHB Luis Miguel González 0-0: Ball
1-0: Ball
2-0: Called Strike
2-1: Ball
3-1: Swinging Strike
3-2: Strikes out swinging
Batting: RHB Francisco Vigil 0-0: Ball
1-0: Ball
2-0: Called Strike
2-1: Foul Ball, location: 2F
2-2: Ball
3-2: Strikes out swinging
Batting: RHB Leonardo Hernández 0-0: Foul Ball, location: 2F
0-1: SINGLE (Line Drive, 34D)
Batting: LHB Chi-hun Chong 0-0: Ball
1-0: Called Strike
1-1: SINGLE (Groundball, 56D)
Leonardo Hernández to second
Runner from 2nd tries for 3rd, SAFE, no throw
Batting: RHB Troy Whitehurst 0-0: Foul Ball, location: 2F
0-1: Foul Ball, location: 2F
0-2: Foul Ball, location: 2F
0-2: Ball
1-2: Ground out 5-3 (Groundball, 56S)
Top of the 3rd over - 0 runs, 2 hits, 0 errors, 2 left on base; Athletic Club KC Academy 0 - Salem 2
BOTTOM OF THE 3RD
Salem Misfits batting - Pitching for Athletic Club KC Academy : LHP Ben Skelton
Batting: RHB Lu Tsai 0-0: Ball
1-0: DOUBLE (Line Drive, 7LD)
Batting: RHB Charles Basle 0-0: Foul Ball, location: 2F
0-1: Ball
1-1: Ball
2-1: Ball
3-1: Foul Ball, location: 2F
3-2: Strikes out looking
Batting: RHB Austin Case 0-0: Foul Ball, location: 2F
0-1: Called Strike
0-2: Ground out 6-3 (Groundball, 6)
Lu Tsai to third
Batting: RHB Akke Derksen 0-0: Ball
1-0: Ball
2-0: Ground out 6-3 (Groundball, 6)
Bottom of the 3rd over - 0 runs, 1 hit, 0 errors, 1 left on base; Athletic Club KC Academy 0 - Salem 2
TOP OF THE 4TH
Athletic Club KC Academy batting - Pitching for Salem Misfits : RHP Enrique Valle
Batting: RHB Colin Bottone 0-0: Called Strike
0-1: Ball
1-1: Ball
2-1: Fly out, F3 (Popup, 34)
Batting: RHB Abeni Mbanefo 0-0: Ball
1-0: Foul Ball, location: 2F
1-1: SINGLE (Flyball, 78M)
Batting: SHB Ijsbrand van Hoogewegen 0-0: Ball
1-0: Called Strike
1-1: Ball
2-1: SINGLE (Flyball, 7LS)
Abeni Mbanefo to second
Batting: RHB Dewey Nauss 0-0: Ball
1-0: Ball
2-0: Fly out, F6 (Popup, 6MD)
Batting: LHB Luis Miguel González 0-0: Ball
1-0: Ball
2-0: Called Strike
2-1: Swinging Strike
2-2: Strikes out swinging
Top of the 4th over - 0 runs, 2 hits, 0 errors, 2 left on base; Athletic Club KC Academy 0 - Salem 2
BOTTOM OF THE 4TH
Salem Misfits batting - Pitching for Athletic Club KC Academy : LHP Ben Skelton
Batting: RHB Mariano Saelices 0-0: Ball
1-0: Ball
2-0: Fly out, F9 (Flyball, 9D)
Batting: RHB Javier López 0-0: Swinging Strike
0-1: Ball
1-1: Swinging Strike
1-2: Ball
2-2: Ball
3-2: Ground out 6-3 (Groundball, 6)
Batting: RHB Atanza Vongor 0-0: Ball
1-0: Called Strike
1-1: Fly out, F7 (Line Drive, 78D)
Bottom of the 4th over - 0 runs, 0 hits, 0 errors, 0 left on base; Athletic Club KC Academy 0 - Salem 2
TOP OF THE 5TH
Athletic Club KC Academy batting - Pitching for Salem Misfits : RHP Enrique Valle
Batting: RHB Francisco Vigil 0-0: Foul Ball, location: 2F
0-1: Swinging Strike
0-2: Foul Ball, location: 2F
0-2: Strikes out looking
Batting: RHB Leonardo Hernández 0-0: Fly out, F5 (Line Drive, 56)
Batting: LHB Chi-hun Chong 0-0: Foul Ball, location: 2F
0-1: Foul Ball, location: 2F
0-2: Ball
1-2: Ball
2-2: Foul Ball, location: 2F
2-2: Ball
3-2: Ground out 5-3 (Groundball, 5L)
Top of the 5th over - 0 runs, 0 hits, 0 errors, 0 left on base; Athletic Club KC Academy 0 - Salem 2
BOTTOM OF THE 5TH
Salem Misfits batting - Pitching for Athletic Club KC Academy : LHP Ben Skelton
Batting: RHB Nelson Rivera 0-0: Called Strike
0-1: Ball
1-1: Ball
2-1: Ball
3-1: Fly out, F9 (Flyball, 9LS)
Batting: RHB Harrison Dunning 0-0: Ball
1-0: SINGLE (Groundball, 6MD)
Batting: RHB Lu Tsai 0-0: Called Strike
0-1: Foul Ball, location: 2F
0-2: Foul Ball, location: 2F
0-2: Ball
Passed Ball!
Harrison Dunning to second
1-2: Ball
2-2: Fly out, F4 (Popup, 4S)
Batting: RHB Charles Basle 0-0: Called Strike
0-1: Ball
1-1: Fly out, F9 (Flyball, 9LS)
Bottom of the 5th over - 0 runs, 1 hit, 0 errors, 1 left on base; Athletic Club KC Academy 0 - Salem 2
TOP OF THE 6TH
Athletic Club KC Academy batting - Pitching for Salem Misfits : RHP Enrique Valle
Batting: RHB Troy Whitehurst 0-0: SOLO HOME RUN (Flyball, 7D), Distance : 373 ft
Batting: RHB Colin Bottone 0-0: Called Strike
0-1: Ball
1-1: Foul Ball, location: 2F
1-2: Foul Ball, location: 2F
1-2: Ball
2-2: Strikes out swinging
Pitching: RHP Kian-tat Ts'ai
Batting: RHB Abeni Mbanefo 0-0: SINGLE (Groundball, 56D)
Batting: SHB Ijsbrand van Hoogewegen 0-0: Called Strike
0-1: Ball
1-1: Ground out 4-3 (Groundball, 4MD)
Abeni Mbanefo to second
Batting: RHB Dewey Nauss 0-0: Ball
1-0: Ball
2-0: SINGLE (Line Drive, 9LS)
Abeni Mbanefo to third
Batting: LHB Luis Miguel González 0-0: SINGLE (Groundball, 6MD)
Abeni Mbanefo scores
Dewey Nauss to second
Batting: RHB Francisco Vigil 0-0: Called Strike
0-1: Called Strike
0-2: Ball
Passed Ball!
Dewey Nauss to third
Luis Miguel González to second
1-2: Ball
2-2: Fly out, F9 (Flyball, 89D)
Top of the 6th over - 2 runs, 4 hits, 0 errors, 2 left on base; Athletic Club KC Academy 2 - Salem 2
BOTTOM OF THE 6TH
Salem Misfits batting - Pitching for Athletic Club KC Academy : LHP Ben Skelton
Batting: RHB Austin Case 0-0: Foul Ball, location: 2F
0-1: Fly out, F8 (Flyball, 8RM)
Batting: RHB Akke Derksen 0-0: Called Strike
0-1: Swinging Strike
0-2: Ball
1-2: Ball
2-2: Ball
3-2: Strikes out swinging
Batting: RHB Mariano Saelices 0-0: Ball
1-0: Swinging Strike
1-1: SINGLE (Flyball, 89S)
Pitching: RHP Madanraj Velusamy
Batting: RHB Javier López 0-0: Called Strike
0-1: Swinging Strike
0-2: Ball
1-2: Ball
2-2: SINGLE (Flyball, 7S)
Mariano Saelices to second
Batting: RHB Atanza Vongor 0-0: Called Strike
0-1: 3-RUN HOME RUN (Flyball, 9D), Distance : 391 ft
Pitching: RHP Mike Nyberg
Batting: RHB Nelson Rivera 0-0: Called Strike
0-1: Ball
1-1: Foul Ball, location: 2F
1-2: Ball
2-2: Ball
3-2: Fly out, F9 (Flyball, 9D)
Bottom of the 6th over - 3 runs, 3 hits, 0 errors, 0 left on base; Athletic Club KC Academy 2 - Salem 5
TOP OF THE 7TH
Athletic Club KC Academy batting - Pitching for Salem Misfits : RHP Kian-tat Ts'ai
Batting: RHB Leonardo Hernández 0-0: Ball
1-0: Foul Ball, location: 2F
1-1: Fly out, F7 (Flyball, 7S)
Batting: LHB Chi-hun Chong 0-0: Ground out 4-3 (Groundball, 4M)
Batting: RHB Troy Whitehurst 0-0: Ball
1-0: Called Strike
1-1: Foul Ball, location: 2F
1-2: Fly out, F8 (Flyball, 8LM)
Top of the 7th over - 0 runs, 0 hits, 0 errors, 0 left on base; Athletic Club KC Academy 2 - Salem 5
BOTTOM OF THE 7TH
Salem Misfits batting - Pitching for Athletic Club KC Academy : RHP Mike Nyberg
Batting: RHB Harrison Dunning 0-0: DOUBLE (Line Drive, 7LD)
Batting: RHB Lu Tsai 0-0: Called Strike
0-1: Foul Ball, location: 2F
0-2: Strikes out looking
Batting: RHB Charles Basle 0-0: Fly out, F7 (Line Drive, 7LD)
Batting: RHB Austin Case 0-0: Fly out, F9 (Flyball, 89S)
Bottom of the 7th over - 0 runs, 1 hit, 0 errors, 1 left on base; Athletic Club KC Academy 2 - Salem 5
TOP OF THE 8TH
Athletic Club KC Academy batting - Pitching for Salem Misfits : RHP Kian-tat Ts'ai
Batting: RHB Colin Bottone 0-0: Called Strike
0-1: Ball
1-1: Fly out, F7 (Line Drive, 7D)
Batting: RHB Abeni Mbanefo 0-0: SINGLE (Line Drive, 9LS)
Batting: SHB Ijsbrand van Hoogewegen 0-0: Ball
1-0: Ball
2-0: SINGLE (Groundball, 2L) (infield hit)
Abeni Mbanefo to second
Batting: RHB Dewey Nauss 0-0: Foul Ball, location: 2F
0-1: Foul Ball, location: 2F
0-2: Fly out, F9 (Flyball, 9)
Batting: LHB Luis Miguel González 0-0: Ball
1-0: Ball
2-0: SINGLE (Line Drive, 6MD)
Abeni Mbanefo to third
Ijsbrand van Hoogewegen to second
Runner from 3rd tries for Home, SAFE, no throw
Pitching: RHP Bogdon Sokolov
Batting: RHB Francisco Vigil 0-0: SINGLE (Groundball, 6MD)
Ijsbrand van Hoogewegen to third
Luis Miguel González to second
Runner from 3rd tries for Home, SAFE, no throw
Batting: RHB Leonardo Hernández 0-0: Ball
1-0: SINGLE (Groundball, 25) (infield hit)
Luis Miguel González to third
Francisco Vigil to second
Batting: LHB Chi-hun Chong 0-0: Fly out, F4 (Popup, 13S)
Top of the 8th over - 2 runs, 5 hits, 0 errors, 3 left on base; Athletic Club KC Academy 4 - Salem 5
BOTTOM OF THE 8TH
Salem Misfits batting - Pitching for Athletic Club KC Academy : RHP Mike Nyberg
Batting: RHB Akke Derksen 0-0: Called Strike
0-1: Foul Ball, location: 2F
0-2: Strikes out swinging
Batting: RHB Mariano Saelices 0-0: SINGLE (Line Drive, 34)
Batting: RHB Javier López 0-0: Called Strike
0-1: Ball
1-1: DOUBLE (Flyball, 78XD)
Mariano Saelices to third
Batting: RHB Atanza Vongor 0-0: Called Strike
0-1: Foul Ball, location: 2F
0-2: Foul Ball, location: 2F
0-2: Strikes out looking
Batting: RHB Nelson Rivera 0-0: Ball
1-0: Foul Ball, location: 2F
1-1: Ball
2-1: Foul Ball, location: 2F
2-2: Ball
3-2: Base on Balls
Batting: RHB Harrison Dunning 0-0: Ball
1-0: Foul Ball, location: 2F
1-1: Ground out 1-3 (Groundball, P)
Bottom of the 8th over - 0 runs, 2 hits, 0 errors, 3 left on base; Athletic Club KC Academy 4 - Salem 5
TOP OF THE 9TH
Athletic Club KC Academy batting - Pitching for Salem Misfits : RHP Bogdon Sokolov
Pitching: RHP Jagger Rusconi
Batting: RHB Troy Whitehurst 0-0: Ball
1-0: SOLO HOME RUN (Flyball, 7LD), Distance : 352 ft
Batting: RHB Colin Bottone 0-0: Ball
1-0: Fly out, F9 (Flyball, 89D)
Batting: RHB Abeni Mbanefo 0-0: SINGLE (Line Drive, 78M)
Batting: SHB Ijsbrand van Hoogewegen 0-0: Called Strike
0-1: Ball
1-1: Swinging Strike
1-2: Ball
2-2: Foul Ball, location: 2F
2-2: Ball
3-2: Base on Balls
Abeni Mbanefo to second
Batting: RHB Dewey Nauss 0-0: Foul Ball, location: 2F
0-1: Foul Ball, location: 2F
0-2: Ball
1-2: Foul Ball, location: 2F
1-2: Strikes out swinging
Batting: LHB Luis Miguel González 0-0: Ball
1-0: Ball
2-0: Ball
3-0: Base on Balls
Abeni Mbanefo to third
Ijsbrand van Hoogewegen to second
Batting: RHB Francisco Vigil 0-0: Swinging Strike
0-1: Ball
Wild Pitch!
Abeni Mbanefo scores
Ijsbrand van Hoogewegen to third
Luis Miguel González to second
1-1: Ball
2-1: Foul Ball, location: 2F
2-2: Ball
3-2: Base on Balls
Batting: RHB Leonardo Hernández 0-0: Fielders Choice at 2nd, 5-4 (Groundball, 56)
Top of the 9th over - 2 runs, 2 hits, 0 errors, 3 left on base; Athletic Club KC Academy 6 - Salem 5
BOTTOM OF THE 9TH
Salem Misfits batting - Pitching for Athletic Club KC Academy : RHP Mike Nyberg
Pitching: RHP León Marinero
Now at 2B: Miguel Vásquez
Batting: RHB Lu Tsai 0-0: Ball
1-0: Ball
2-0: Called Strike
2-1: Foul Ball, location: 2F
2-2: Foul Ball, location: 2F
2-2: Strikes out swinging passed ball, reaches first!
Batting: RHB Charles Basle 0-0: Called Strike
0-1: Sac Bunt - play at first, batter OUT! 2-3
Lu Tsai to second
Batting: RHB Austin Case 0-0: Called Strike
0-1: Ball
1-1: Ball
2-1: Ball
3-1: Called Strike
3-2: DOUBLE (Line Drive, 78XD)
Lu Tsai scores
Batting: RHB Akke Derksen 0-0: Called Strike
0-1: Ball
1-1: Ball
2-1: Ball
3-1: Base on Balls
Batting: RHB Mariano Saelices 0-0: Called Strike
0-1: Ball
1-1: Fly out, F3 (Line Drive, 3)
Batting: RHB Javier López 0-0: Foul Ball, location: 2F
0-1: Swinging Strike
0-2: Ball
1-2: Ball
2-2: Strikes out swinging
Bottom of the 9th over - 1 run, 1 hit, 0 errors, 2 left on base; Athletic Club KC Academy 6 - Salem 6
TOP OF THE 10TH
Athletic Club KC Academy batting - Pitching for Salem Misfits : RHP Jagger Rusconi
Pitching: RHP Chris Hughes
Batting: LHB Chi-hun Chong 0-0: Ball
1-0: SINGLE (Groundball, 6MD)
Batting: RHB Troy Whitehurst 0-0: Foul Ball, location: 2F
0-1: Ball
1-1: Ball
2-1: Ball
3-1: Base on Balls
Chi-hun Chong to second
Batting: LHB Miguel Vásquez 0-0: Ball
1-0: Called Strike
1-1: Foul Ball, location: 2F
1-2: Fly out, F9 (Flyball, 9D)
Runner from 2nd tags up, SAFE at 3rd, no throw
Batting: RHB Abeni Mbanefo 0-0: SINGLE (Flyball, 7LS)
Chi-hun Chong scores
Troy Whitehurst to second
Batting: SHB Ijsbrand van Hoogewegen 0-0: Called Strike
0-1: Ball
1-1: Ball
Passed Ball!
Troy Whitehurst to third
Abeni Mbanefo to second
2-1: Called Strike
2-2: Foul Ball, location: 2F
2-2: Fly out, F9 (Flyball, 9S)
Batting: RHB Dewey Nauss 0-0: Ball
1-0: Ball
2-0: Ball
3-0: Called Strike
3-1: Foul Ball, location: 2F
3-2: Fly out, F7 (Flyball, 7)
Top of the 10th over - 1 run, 2 hits, 0 errors, 2 left on base; Athletic Club KC Academy 7 - Salem 6
BOTTOM OF THE 10TH
Salem Misfits batting - Pitching for Athletic Club KC Academy : RHP León Marinero
Batting: RHB Atanza Vongor 0-0: Single, Error in OF, E8, batter to second base
Batting: RHB Nelson Rivera 0-0: Ball
1-0: Foul Ball, location: 2F
1-1: Fly out, F4 (Line Drive, 4)
Batting: RHB Harrison Dunning 0-0: Ball
1-0: Ball
2-0: Ground out 5-3 (Groundball, 56)
Batting: RHB Lu Tsai 0-0: Called Strike
0-1: Ball
1-1: Called Strike
1-2: Strikes out swinging
Bottom of the 10th over - 0 runs, 1 hit, 1 error, 1 left on base; Athletic Club KC Academy 7 - Salem 6
Wednesday, September 19th, 2018 - OOTP Baseball 18.8 Build 76